 Dungeon Crawl Stone Soup version 0.28.0-43-g3370ac3207 (webtiles) character file.

Game seed: 9392741215420022409

8 jimonade the Archer (level 2, -1/19 HPs)
             Began as a Gnoll Wanderer on Mar 13, 2022.
             Slain by a hobgoblin (4 damage)
             ... on level 1 of the Dungeon.
             The game lasted 00:01:40 (439 turns).

jimonade the Archer (Gnoll Wanderer)                 Turns: 439, Time: 00:01:41

Health: -1/19      AC:  3    Str: 15    XL:     2   Next: 8%
Magic:  2/2        EV: 11    Int:  7    God:
Gold:   29         SH:  0    Dex: 11    Spells: 1/1 levels left

rFire   . . .      SeeInvis .   a - +2 short sword
rCold   . . .      Faith    .   (no shield)
rNeg    . . .      Spirit   .   f - +0 leather armour
rPois   .          Reflect  .   (no helmet)
rElec   .          Harm     .   (no cloak)
rCorr   .          Rampage  .   (no gloves)
Will    .....                   (no boots)
Stlth   ++........              (no amulet)
HPRegen 0.06/turn               i - ring of wizardry
MPRegen 0.08/turn               (no ring)

@: no status effects
A: fangs 1, strong nose, distributed training
a: no special abilities


You were on level 1 of the Dungeon.
You visited 1 branch of the dungeon, and saw 1 of its levels.

You collected 29 gold pieces.

Inventory:

Hand Weapons
 a - a +2 short sword (weapon)
 b - a +0 shortbow
 e - a +0 dagger
Missiles
 c - 50 arrows
 d - 11 poisoned darts
 j - 26 stones (quivered)
Armour
 f - a +0 leather armour (worn)
Jewellery
 i - a ring of wizardry (left hand)
Scrolls
 h - a scroll of fog {unknown}
 k - a scroll of identify {unknown}
Potions
 g - a potion of haste {unknown}


   Skills:
 + Level 0.2 Fighting
 + Level 4.4 Short Blades
 + Level 0.2 Long Blades
 + Level 0.2 Axes
 + Level 0.2 Maces & Flails
 + Level 0.2 Polearms
 + Level 0.2 Staves
 + Level 0.2 Slings
 + Level 8.4 Bows
 + Level 0.2 Crossbows
 + Level 6.4 Throwing
 + Level 0.2 Armour
 + Level 0.2 Dodging
 + Level 2.2 Stealth
 + Level 0.2 Shields
 + Level 0.2 Unarmed Combat
 + Level 0.2 Spellcasting
 + Level 0.1 Conjurations
 + Level 0.1 Hexes
 + Level 0.1 Summonings
 + Level 0.1 Necromancy
 + Level 0.1 Translocations
 + Level 0.1 Transmutations
 + Level 0.1 Fire Magic
 + Level 0.1 Ice Magic
 + Level 0.1 Air Magic
 + Level 0.1 Earth Magic
 + Level 0.1 Poison Magic
 + Level 0.3 Invocations
 + Level 0.2 Evocations


You had one spell level left.
You didn't know any spells.
Your spell library was empty.

Dungeon Overview and Level Annotations

Branches:
Dungeon (1/15)

Altars:


Innate Abilities, Weirdness & Mutations

You have very sharp teeth.
Your uncanny sense of smell can sniff out nearby items.
Your experience applies equally to all skills.


Message History

The giant cockroach completely misses you.
You closely miss the giant cockroach. Your punch misses the giant cockroach.
The giant cockroach barely misses you.
You hit the giant cockroach.
You kill the giant cockroach!
No target in view!
No target in view!
Found a leather armour.
A hobgoblin comes into view.
A hobgoblin is nearby!
A ball python comes into view.
The ball python hisses angrily.
You hit the hobgoblin.
The hobgoblin is almost dead.
The hobgoblin barely misses you.
You barely miss the hobgoblin.
The hobgoblin is almost dead.
The hobgoblin hits you. The ball python barely misses you. x2
You closely miss the hobgoblin. Your bite misses the hobgoblin.
The hobgoblin is almost dead.
The hobgoblin closely misses you. The ball python bites you.
The ball python grabs you. The ball python constricts you.
You closely miss the ball python.
The ball python bites you but does no damage.
The ball python constricts you. The hobgoblin hits you.
You hit the ball python.
The ball python is heavily wounded.
The ball python closely misses you. The ball python constricts you.
You are too injured to fight recklessly!
You are too injured to fight recklessly!
You are too injured to fight recklessly!
You are too injured to fight recklessly!
The ball python's grasp on you weakens, but your attempt to escape fails.
The hobgoblin hits you. The ball python bites you.
* * * LOW HITPOINT WARNING * * *
The ball python constricts you.
* * * LOW HITPOINT WARNING * * *
Unknown command.
You escape the ball python's grasp.
The hobgoblin hits you.
You die...

########## #........# #
#.. ....##### #
#.#####......### #
#...#..@gS......
##########.......#.......
.............#...#.......
##########....#.##.#.#...
# #.......#.......
###..#..#.. #...
#.....[... ... ........##
#. #####....


You could see a hobgoblin and a ball python.

Vanquished Creatures
  A ball python (D:1)
  A giant cockroach (D:1)
  A goblin (D:1)
  2 hobgoblins (D:1)
  2 kobolds (D:1)
7 creatures vanquished.

Notes
Turn   | Place    | Note
-------+----------+-------------------------------------------
     0 | D:1      | jimonade the Gnoll Wanderer began the quest for the Orb.
     0 | D:1      | jimonade set off with the following items: a +2 short
                  | sword, a +0 shortbow, 25 arrows, 11 poisoned darts, a +0
                  | dagger, a +0 leather armour
     0 | D:1      | Reached XP level 1. HP: 13/13 MP: 1/1
   284 | D:1      | Reached XP level 2. HP: 14/19 MP: 2/2
   439 | D:1      | Slain by a hobgoblin

Illustrated notes

Levels and vault maps discovered:
D:1:      dpeg_arrival_snail, layout_loops_ring,
          hellmonk_ecumenical_altar_zigzags, hangedman_decor_lopped

Action                   || total
-------------------------++-------
Melee: Short sword       ||    21
Throw: Stone             ||    12
Armor: Leather armour    ||     3
Dodge: Dodged            ||    14
